 Dungeon Crawl Stone Soup version 0.26.0-16-gc1dbca0489 (webtiles) character file.

Game seed: 11943916524064878131

106 shakesphere1979 the Sneak (level 4, 0/36 HPs)
             Began as a Naga Air Elementalist on Jan 19, 2021.
             Slain by a crimson imp (2 damage)
             ... summoned by Natasha
             ... on level 3 of the Dungeon.
             The game lasted 00:05:30 (2889 turns).

shakesphere1979 the Sneak (Naga Air Elementalist)   Turns: 2889, Time: 00:05:31

Health: 0/36       AC:  2    Str: 10    XL:     4   Next: 84%
Magic:  1/7        EV: 10    Int: 16    God:
Gold:   133        SH:  0    Dex: 12    Spells: 7/8 levels left

rFire    . . .     SeeInvis +   h - +0 short sword
rCold    . . .     Faith    .   (no shield)
rNeg     . . .     Spirit   .   a - +0 robe
rPois    +         Reflect  .   (no helmet)
rElec    .         Harm     .   (no cloak)
rCorr    .         Rampage  .   (no gloves)
Will     .....                  (no barding)
Stlth    ++........             (no amulet)
HPRegen  0.12/turn              (no ring)
MPRegen  0.10/turn              (no ring)

@: very slightly contaminated, very slow
A: large, see invisible, deformed body, poison resistance, slowness 2, spit
poison 1, AC +1
a: Spit Poison


You were on level 3 of the Dungeon.
You visited 1 branch of the dungeon, and saw 3 of its levels.

You collected 133 gold pieces.

Inventory:

Hand Weapons
 h - a +0 short sword (weapon)
 n - a +0 rapier
Missiles
 d - 119 stones
 i - 30 arrows
 o - 22 sling bullets
Armour
 a - a +0 robe (worn)
Scrolls
 b - 6 scrolls of identify {unknown}
 c - a scroll of fear {unknown}
 e - 4 scrolls of teleportation {unknown}
 g - 3 scrolls of remove curse {unknown}
 j - a scroll of amnesia {unknown}
 p - a scroll of immolation {unknown}
Potions
 f - a potion of heal wounds {unknown}
 k - a potion of degeneration {unknown}
 l - 2 potions of might {unknown}
 m - 2 potions of mutation {unknown}
 q - a potion of flight {unknown}


   Skills:
 + Level 2.2 Dodging
 + Level 4.2 Stealth
 + Level 2.6 Spellcasting
 + Level 2.1 Conjurations
 + Level 3.5 Air Magic


You had 7 spell levels left.
You knew the following spells:

 Your Spells              Type           Power        Failure   Level
a - Shock                 Conj/Air       44%          6%          1

Your spell library contained the following spells:

 Spells                   Type           Power        Failure   Level
 Swiftness                Air            13%          7%          2
 Static Discharge         Conj/Air       11%          19%         3
 Airstrike                Air            6%           41%         4
 Lightning Bolt           Conj/Air       5%           86%         5


Dungeon Overview and Level Annotations

Branches:
Dungeon (3/15)

Altars:

Annotations:
D:3 Natasha


Innate Abilities, Weirdness & Mutations

You cannot wear boots.
Your serpentine skin is tough. (AC +1)
You have supernaturally acute eyesight. (SInv)
Armour fits poorly on your strangely shaped body.
Your system is resistant to poisons. (rPois)
You cover ground very slowly.
You can spit poison.


Message History

You feel yourself speed up. Natasha claws you.
* * * LOW HITPOINT WARNING * * *
Casting: Shock (safe; 6% risk of failure)
Confirm with . or Enter, or press ? or * to list all spells.
Aiming: Shock (safe; 6% risk of failure)
Press: ? - help, Shift-Dir - straight line The zap hits Natasha.
Natasha is almost dead.
Natasha mumbles some strange words.
Casting: Shock (safe; 6% risk of failure)
Confirm with . or Enter, or press ? or * to list all spells.
Aiming: Shock (safe; 6% risk of failure)
Press: ? - help, Shift-Dir - straight line You miscast Shock.
You are very lightly contaminated with residual magic.
Nothing appears to happen.
Natasha claws you!
* * * LOW HITPOINT WARNING * * *
The crimson imp hits you.
You die...

#............
#............
#............
#....########
#....#
#####>...##
#.........#
##........h#
#.........@#
#........5.#
#..........#
##.........#
#.........#
#.........#
#.........#
#.........#
#...#.....#


You could see Natasha and a crimson imp (summoned).

Vanquished Creatures
  Natasha (D:3)
  An adder (D:2)
  3 gnolls (D:3)
  An ooze (D:1)
  2 dart slugs (D:2)
  5 orcs
  4 goblins
  2 hobgoblins (D:1)
  A quokka (D:2)
  4 bats
  2 frilled lizards
  6 kobolds
  A rat (D:2)
33 creatures vanquished.

Notes
Turn   | Place    | Note
-------+----------+-------------------------------------------
     0 | D:1      | shakesphere1979 the Naga Air Elementalist began the quest
                  | for the Orb.
     0 | D:1      | Reached XP level 1. HP: 15/15 MP: 3/3
   707 | D:1      | Reached XP level 2. HP: 18/22 MP: 0/5
  1628 | D:2      | Reached XP level 3. HP: 20/28 MP: 6/6
  2468 | D:3      | Noticed Natasha
  2520 | D:3      | Reached XP level 4. HP: 31/36 MP: 2/7
  2533 | D:3      | Reached skill level 4 in Stealth
  2731 | D:3      | Killed Natasha
  2874 | D:3      | Noticed Natasha
  2889 | D:3      | Slain by a crimson imp

Illustrated notes

Levels and vault maps discovered:
D:1:      psy_arrival_radial01, layout_loops_ring
D:2:      layout_rooms
D:3:      layout_basic, chequers_serial_rivers_large_b, uniq_natasha

Skill      XL: |  1  2  3  4 |
---------------+-------------+-----
Dodging        | 2 |  2.2
Stealth        | 4 |  4.2
Conjurations   | 2 |  2.1
Spellcasting   | |  2.6
Air Magic      | |  3.5

Action                   |  1- 3 |  4- 6 || total
-------------------------+-------+-------++-------
Melee: Spear             |    16 |       ||    16
       Short sword       |    34 |       ||    34
 Cast: Shock             |    25 |    21 ||    46
 Stab: Sleeping          |     6 |       ||     6
Armor: Robe              |     8 |       ||     8
Dodge: Dodged            |    39 |    13 ||    52
